 Dungeon Crawl Stone Soup version 0.30.1-11-g7821555f0a (webtiles) character file.

Game seed: 3987761692243049735

835 Gumption the Gusty (level 7, -25/50 HPs)
             Began as a Purple Draconian Air Elementalist on Nov 17, 2023.
             Was an Initiate of Hepliaklqana.
             Annihilated by an ogre
             ... wielding a +0 giant club
              (33 damage)
             ... on level 6 of the Dungeon.
             The game lasted 01:09:45 (7282 turns).

Gumption the Gusty (DrAE)                           Turns: 7282, Time: 01:09:45

Health: -25/50     AC:  6    Str: 10    XL:     7   Next: 66%
Magic:  11/13      EV: 13    Int: 24    God:    Hepliaklqana [......]
Gold:   282        SH:  0    Dex: 11    Spells: 0/14 levels left

rFire   . . .        a - +0 dagger (protect)
rCold   . . .        (no shield)
rNeg    . . .        (body armour unavailable)
rPois   .            (helmet restricted)
rElec   .            (no cloak)
rCorr   +            (no gloves)
SInv    .            (no boots)
Will    +....        (no amulet)
Stlth   ++           f - ring of resist corrosion
HPRegen 0.28/turn    y - +6 ring of intelligence
MPRegen 0.13/turn

%: no passive effects
@: sluggish, very slow
A: breathe power, AC +6, unfitting armour, cold-blooded
a: Breathe Dispelling Energy, Renounce Religion


You were on level 6 of the Dungeon.
You worshipped Hepliaklqana.
Hepliaklqana was noncommittal.
You visited 2 branches of the dungeon, and saw 7 of its levels.

You collected 282 gold pieces.

Inventory:

Hand Weapons
 a - a +0 dagger of protection (weapon)
 c - a +0 dagger
Missiles
 b - 5 boomerangs (quivered)
 g - 20 poisoned darts
 s - 3 silver javelins
 t - 9 javelins
Jewellery
 f - a ring of resist corrosion (left hand)
 y - a +6 ring of intelligence (right hand)
Scrolls
 d - 3 scrolls of teleportation
 e - 3 scrolls of amnesia
 h - a scroll of vulnerability {unknown}
 j - 2 scrolls of magic mapping {unknown}
 l - 4 scrolls of blinking
 q - a scroll of fear {unknown}
 v - a scroll of poison
 x - a scroll of enchant armour
 z - a scroll of fog {unknown}
Potions
 i - 2 potions of heal wounds
 k - 4 potions of mutation
 m - a potion of resistance
 n - 2 potions of degeneration {unknown}
 o - a potion of invisibility {unknown}
 r - a potion of brilliance {unknown}
 u - a potion of ambrosia {unknown}
 w - a potion of lignification {unknown}
 A - a potion of attraction {unknown}
 B - a potion of flight {unknown}


   Skills:
 + Level 4.0 Dodging
 + Level 3.0 Stealth
 - Level 4.1 Spellcasting
 - Level 3.0 Conjurations
 * Level 2.2 Summonings
 * Level 6.0 Air Magic


You couldn't memorise any spells.
You knew the following spells:

 Your Spells              Type           Power      Damage    Failure   Level
a - Shock                 Conj/Air       100%       1d9       1%          1
b - Static Discharge      Conj/Air       52%        2-5/arc   2%          2
c - Swiftness             Air            33%        N/A       2%          3
d - Airstrike             Air            16%        2d(3-19)  9%          4
e - Summon Lightning Spi  Summ/Air       24%        N/A       19%         4

Your spell library contained the following spells:

 Spells                   Type           Power      Damage    Failure   Level
 Freeze                   Ice            20%        1d4       10%         1
 Sublimation of Blood     Necr           5%         N/A       14%         2
 Hailstorm                Conj/Ice       12%        3d5       16%         3
 Frozen Ramparts          Ice            10%        1d2       28%         3
 Petrify                  Tmut/Erth      5%         N/A       67%         4
 Irradiate                Conj/Tmut      6%         3d13      82%         5
 Storm Form               Tmut/Air       9%         N/A       100%        7
 Maxwell's Capacitive Co  Air            16%        ∞         100%        8


Dungeon Overview and Level Annotations

Branches:
Dungeon (6/15)             Temple (1/1) D:5

Altars:
Ashenzari
Cheibriados
Dithmenos
Fedhas
Gozag
Hepliaklqana
Kikubaaqudgha
Makhleb
Nemelex Xobeh
Okawaru
Qazlal
Ru
Sif Muna
Trog
Uskayaw
Vehumet
Wu Jian
Xom
Yredelemnul
Zin
The Shining One

Annotations:
D:4 Menkaure
D:5 exclusion: downstairs


Innate Abilities, Weirdness & Mutations

You can breathe bolts of dispelling energy.
Your rich purple scales are hard. (AC +6)
You cannot fit into any form of body armour.
You are cold-blooded and may be slowed by cold attacks.


Message History

Press: ? - help, Dir - move target, f - troll
Aim: a troll (empty space bonus: 8/8)
The air twists around and strikes the troll!!
The troll is heavily wounded.
Casting: Airstrike (dangerous; 9% risk of failure)
Confirm with . or Enter, or press ? or * to list all spells.
You feel quick. The troll bites you but does no damage. The troll claws you! x2
The ogre misses you.
Casting: Swiftness (dangerous; 2% risk of failure)
Confirm with . or Enter, or press ? or * to list all spells.
Aiming: Airstrike (dangerous; 9% risk of failure)
Press: ? - help, Dir - move target, f/p - troll
Aim: a troll (moderately wounded, empty space bonus: 7/8)
The air twists around and strikes the troll.
The troll is heavily wounded.
You start to feel a little slower.
You feel sluggish.
Okay, then.
There are monsters nearby!
Magic courses through your body. The ogre attacks as you move away!
The ogre closely misses you. The ogre attacks as you move away!
The ogre hits you with a +0 giant club!!
Ouch! That really hurt!
* * * LOW HITPOINT WARNING * * *
Casting: Airstrike (dangerous; 9% risk of failure)
Confirm with . or Enter, or press ? or * to list all spells.
The ogre is struck by an arc of lightning.
The ogre is lightly wounded.
The troll is struck by an arc of lightning.
The troll is moderately wounded.
The ogre is struck by an arc of lightning.
The ogre is moderately wounded.
You are struck by an arc of lightning.
* * * LOW HITPOINT WARNING * * *
The lightning grounds out.
You start to feel a little faster.
The ogre hits you with a +0 giant club!!
Ouch! That really hurt!
You die...

..# #############'## ..#
#..........##.# ..#
#..........o..# ..#
#..........####
..#######.......†..#
.......##..........#
.......##..........#
.......##......T...#############
...............O@..............#
.......##..........##########)##
.......############# #)#
##.....# #.# #.....# #.# #######
#.# #.# #.# #.###


You could see a troll, an ogre and an orc (wandering).

Vanquished Creatures
  A black bear (D:6)
  An ogre (D:4)
  3 phantoms
  A bullfrog (D:6)
  A scorpion (D:5)
  2 hounds
  2 jellies
  An orc priest (D:4)
  2 orc wizards
  3 adders
  A white imp (D:5)
  A worm (D:2)
  A dart slug (D:2)
  20 orcs
  5 ball pythons
  4 endoplasms
  2 giant cockroaches
  6 goblins
  4 hobgoblins
  4 jackals
  3 quokkas
  7 bats
  3 frilled lizards
  3 kobolds (D:4)
  2 rats
83 creatures vanquished.

Notes
Turn   | Place    | Note
-------+----------+-------------------------------------------
     0 | D:1      | Gumption the Draconian Air Elementalist began the quest for
                  | the Orb.
     0 | D:1      | Reached XP level 1. HP: 14/14 MP: 3/3
   693 | D:1      | Reached XP level 2. HP: 20/20 MP: 1/5
   748 | D:1      | Learned a level 2 spell: Static Discharge
  2266 | D:2      | Reached XP level 3. HP: 5/26 MP: 1/6
  3006 | D:3      | Learned a level 3 spell: Swiftness
  3905 | D:4      | Noticed an ogre
  4019 | D:4      | Reached XP level 4. HP: 33/33 MP: 0/7
  4112 | D:4      | Noticed Menkaure
  4297 | D:4      | Reached skill level 4 in Air Magic
  4627 | D:4      | Killed an ogre
  4628 | D:4      | Reached XP level 5. HP: 16/38 MP: 1/9
  4856 | D:4      | Found a glowing silver altar of Zin.
  4856 | D:4      | Found a shimmering blue altar of Sif Muna.
  5089 | D:4      | Reached XP level 6. HP: 45/45 MP: 6/10
  5208 | D:4      | Learned a level 4 spell: Airstrike
  5526 | D:5      | Entered Level 5 of the Dungeon
  5986 | D:5      | Reached skill level 5 in Air Magic
  6046 | D:5      | Found a staircase to the Ecumenical Temple.
  6056 | Temple   | Entered the Ecumenical Temple
  6210 | Temple   | Became a worshipper of Hepliaklqana the Forgotten
  6489 | D:6      | Noticed a troll
  6489 | D:6      | Found a shimmering altar of Xom.
  6490 | D:6      | Noticed a sky beast
  6616 | D:6      | Your scales start taking on a rich purple colour.
  6616 | D:6      | Reached XP level 7. HP: 48/50 MP: 4/13
  6690 | D:6      | Learned a level 4 spell: Summon Lightning Spire
  6898 | D:6      | Reached skill level 1 in Summonings
  7193 | D:6      | Reached skill level 6 in Air Magic
  7282 | D:6      | Annihilated by an ogre

Illustrated notes

Levels and vault maps discovered:
D:1:      eino_arrival_water_cross, layout_basic, minmay_distorted
D:2:      minmay_inner_zag, layout_basic
D:3:      layout_loops_corners, chequers_serial_rivers_micro_b
D:4:      layout_loops_cross, gammafunk_temple_overflow_wave, uniq_menkaure
D:5:      layout_cave_pools, minmay_temple_entry_statues_fountains,
          skrybe_limestone_x
D:6:      layout_basic, dk_noncrumbling_4, minmay_ruined_shrine
Temple:   compressed_dpeg_triangle_lava_temple

Skill      XL: |  1  2  3  4  5  6  7 |
---------------+----------------------+-----
Dodging        | 2 3 4 |  4.0
Conjurations   | 2 3 |  3.0
Air Magic      | 4 5 6 |  6.0
Spellcasting   | 4 |  4.1
Stealth        | 2 3 |  3.0
Summonings     | 2 |  2.2

Action                     |  1- 3 |  4- 6 |  7- 9 || total
---------------------------+-------+-------+-------++-------
  Melee: Unarmed           |     3 |       |       ||     3
         Tailslap          |     1 |     1 |       ||     2
         Dagger            |    13 |    24 |       ||    37
  Throw: Boomerang         |     2 |       |       ||     2
   Cast: Shock             |    87 |    75 |    16 ||   178
         Static Discharge  |     5 |     8 |     1 ||    14
         Airstrike         |       |       |     6 ||     6
         Swiftness         |       |       |     1 ||     1
    Use: Scroll            |     5 |     4 |       ||     9
         Potion            |       |       |     1 ||     1
   Stab: Sleeping          |     1 |     2 |       ||     3
 Armour: Skin              |    11 |    23 |     2 ||    36
  Dodge: Dodged            |    39 |    40 |     4 ||    83
